[ AOE2 MATCH · #460922805 ]
UnrankedBurgundians vs Spanish
[ REPLAY ANALYSIS · EXTRACTED FROM THE RECORDED GAME ]
Feudal
10:55
Castle
20:05
Imperial
72:19
| APM avg | 9.8 |
| APM peak | 62 |
| eAPM avg | 7.7 |
| Villagers / military | 99 / 127 |
Focus
⚔️ 21.3% · 🌾 78.7%
Skirmisher ×45 · Scout Cavalry ×38 · Knight ×31 · Spearman ×13
Feudal
12:09
Castle
15:46
Imperial
35:49
| APM avg | 37.5 |
| APM peak | 88 |
| eAPM avg | 12.6 |
| Villagers / military | 72 / 344 |
Focus
⚔️ 42.6% · 🌾 57.4%
Conquistador ×251 · Scout Cavalry ×89 · Mangonel ×2 · Battering Ram ×2
Feudal
—
Castle
—
Imperial
—
| APM avg | 20.1 |
| APM peak | 126 |
| eAPM avg | 17.2 |
| Villagers / military | 98 / 452 |
Focus
⚔️ 49.0% · 🌾 51.0%
Militia ×187 · Knight ×133 · Throwing Axeman ×88 · Scorpion ×20 · Spearman ×10 · Trebuchet (Packed) ×8
Feudal
12:49
Castle
15:32
Imperial
28:18
| APM avg | 7.7 |
| APM peak | 32 |
| eAPM avg | 6.3 |
| Villagers / military | 121 / 160 |
Focus
⚔️ 23.2% · 🌾 76.8%
Scorpion ×85 · Scout Cavalry ×68 · Trebuchet (Packed) ×4 · Monk ×3
Feudal
11:31
Castle
18:47
Imperial
39:21
| APM avg | 20.9 |
| APM peak | 49 |
| eAPM avg | 15.4 |
| Villagers / military | 185 / 525 |
Focus
⚔️ 43.6% · 🌾 56.4%
Spearman ×206 · Conquistador ×172 · Knight ×56 · Scout Cavalry ×31 · Bombard Cannon ×27 · Trade Cart ×20
Feudal
12:42
Castle
17:18
Imperial
33:58
| APM avg | 34.7 |
| APM peak | 123 |
| eAPM avg | 26.8 |
| Villagers / military | 170 / 1055 |
Focus
⚔️ 70.8% · 🌾 29.2%
Spearman ×380 · Huskarl ×351 · Skirmisher ×288 · Bombard Cannon ×17 · Trebuchet (Packed) ×13 · Trade Cart ×5
Feudal
12:37
Castle
22:58
Imperial
33:35
| APM avg | 13.9 |
| APM peak | 41 |
| eAPM avg | 8.9 |
| Villagers / military | 156 / 81 |
Focus
⚔️ 32.6% · 🌾 67.4%
Kamayuk ×40 · Petard ×25 · Trade Cart ×24 · Mangonel ×9 · Unknown (2550) ×7 · Trebuchet (Packed) ×6
Feudal
11:08
Castle
17:42
Imperial
26:59
| APM avg | 20.5 |
| APM peak | 61 |
| eAPM avg | 12.8 |
| Villagers / military | 128 / 233 |
Focus
⚔️ 42.9% · 🌾 57.1%
Spearman ×121 · Hussite Wagon ×95 · Bombard Cannon ×11 · Trebuchet (Packed) ×5 · Mangonel ×1
Match map
Initial resources + every placement click. Lines = walls · curves = elevation contours. ◆ gold · ⬟ stone · ● berries · ✦ relic · ◌ wall gap
Your base· ✓ Closed at 20:05 · 0t walls · 2 gate(s)
boatman's base· ✓ Closed at 15:46 · 0t walls · 3 gate(s)
Flatterschiss7's base· ✓ Closed at 15:34 · 0t walls · 3 gate(s)
yellowmonday's base· ✓ Closed at 15:32 · 0t walls · 2 gate(s)
BulldokCZE's base· ✓ Closed at 18:47 · 0t walls · 2 gate(s)
Gral. A. Pinochet /:v/'s base· ✓ Closed at 17:18 · 0t walls · 2 gate(s)
pocestny's base· ✓ Closed at 22:58 · 0t walls · 2 gate(s)
Boyka's base· ✓ Closed at 17:42 · 0t walls · 2 gate(s)
Smoothed initial terrain · ◌ = detected wall gap · hover for details
Inputs per minute
— Hamza Khan - - boatman
Build order — Hamza Khan
First 150 of 289 actions detected
| 0:09 | Build | House |
| 0:10 | Build | House |
| 0:11 | Build | House |
| 0:12 | Build | House |
| 0:13 | Build | House |
| 0:20 | Create | Villager (Male) |
| 0:21 | Research | Loom |
| 0:21 | Create | Villager (Male) ×3 |
| 1:35 | Create | Villager (Male) |
| 2:24 | Create | Villager (Male) |
| 2:53 | Create | Villager (Male) |
| 3:11 | Create | Villager (Male) |
| 3:38 | Create | Villager (Male) |
| 4:03 | Create | Villager (Male) |
| 4:48 | Create | Villager (Male) |
| 4:49 | Create | Villager (Male) |
| 5:33 | Create | Villager (Male) |
| 5:34 | Create | Villager (Male) |
| 6:16 | Create | Villager (Male) |
| 6:18 | Create | Villager (Male) |
| 6:29 | Create | Villager (Male) |
| 6:30 | Create | Villager (Male) |
| 6:39 | Build | Lumber Camp |
| 7:05 | Create | Villager (Male) |
| 7:05 | Create | Villager (Male) |
| 7:38 | Build | Mill |
| 8:45 | Research | Feudal Age |
| 8:56 | Research | Double-Bit Axe |
| 9:33 | Create | Villager (Male) |
| 9:36 | Research | Wheelbarrow |
| 9:53 | Build | Mining Camp |
| 10:11 | Build | House |
| 10:13 | Build | House |
| 10:14 | Build | House |
| 10:17 | Build | House |
| 10:35 | Create | Villager (Male) |
| 10:35 | Create | Villager (Male) |
| 10:55 | Age | Feudal Age |
| 11:08 | Build | Farm |
| 11:09 | Build | Farm |
| 11:11 | Build | Farm |
| 11:12 | Build | Farm |
| 11:14 | Build | Farm |
| 11:16 | Build | Farm |
| 11:34 | Build | Farm |
| 11:50 | Research | Horse Collar |
| 12:16 | Research | Bow Saw |
| 12:21 | Create | Villager (Male) |
| 12:22 | Create | Villager (Male) |
| 12:40 | Build | Watch Tower |
| 13:00 | Build | Mining Camp |
| 13:13 | Create | Villager (Male) |
| 13:13 | Create | Villager (Male) |
| 13:34 | Create | Villager (Male) |
| 13:40 | Build | Farm |
| 13:46 | Build | Farm |
| 13:46 | Build | Farm |
| 13:48 | Build | Farm |
| 14:23 | Create | Villager (Male) |
| 14:23 | Create | Villager (Male) |
| 14:27 | Research | Heavy Plow |
| 15:17 | Build | Market |
| 15:34 | Build | Blacksmith |
| 15:40 | Create | Villager (Male) |
| 15:40 | Create | Villager (Male) |
| 16:37 | Build | Farm |
| 16:38 | Build | Farm |
| 16:40 | Build | Farm |
| 17:26 | Research | Castle Age |
| 17:33 | Research | Stone Mining |
| 17:55 | Build | Barracks |
| 18:15 | Build | Watch Tower |
| 18:16 | Build | Watch Tower |
| 19:34 | Build | Archery Range |
| 20:05 | Age | Castle Age |
| 20:12 | Create | Skirmisher ×3 |
| 21:04 | Research | Town Watch |
| 22:46 | Create | Skirmisher |
| 22:46 | Create | Skirmisher |
| 23:14 | Create | Skirmisher ×5 |
| 23:15 | Create | Skirmisher ×5 |
| 23:23 | Build | House |
| 23:24 | Build | House |
| 23:25 | Build | House |
| 23:26 | Build | House |
| 23:48 | Create | Skirmisher ×2 |
| 23:54 | Create | Spearman |
| 23:56 | Research | Squires |
| 24:12 | Create | Spearman |
| 24:13 | Create | Spearman |
| 25:19 | Build | Lumber Camp |
| 30:35 | Build | Town Center |
| 32:38 | Build | Farm |
| 32:39 | Build | Farm |
| 32:44 | Build | House |
| 32:45 | Build | House |
| 32:46 | Build | House |
| 32:48 | Build | House |
| 32:49 | Build | House |
| 32:52 | Build | House |
| 34:13 | Create | Villager (Male) |
| 35:10 | Create | Villager (Male) |
| 35:11 | Create | Villager (Male) |
| 35:42 | Build | Farm |
| 35:44 | Build | Farm |
| 35:48 | Build | Farm |
| 36:40 | Create | Villager (Male) |
| 37:49 | Create | Villager (Male) |
| 37:49 | Create | Villager (Male) |
| 38:32 | Create | Villager (Male) |
| 38:33 | Create | Villager (Male) |
| 38:53 | Build | House |
| 38:54 | Build | House |
| 38:55 | Build | House |
| 38:56 | Build | House |
| 38:59 | Build | House |
| 39:05 | Build | Mining Camp |
| 39:18 | Create | Villager (Male) |
| 39:18 | Create | Villager (Male) |
| 40:20 | Build | Mining Camp |
| 40:33 | Create | Villager (Male) ×3 |
| 41:13 | Create | Villager (Male) |
| 41:13 | Create | Villager (Male) |
| 41:51 | Build | Farm |
| 41:54 | Build | Farm |
| 41:55 | Build | Farm |
| 41:58 | Build | Mill |
| 41:59 | Build | Farm |
| 42:00 | Build | Farm |
| 42:47 | Create | Villager (Male) ×3 |
| 43:07 | Build | Farm |
| 43:08 | Build | Farm |
| 43:10 | Build | Farm |
| 43:12 | Build | Mill |
| 43:13 | Build | Farm |
| 43:14 | Build | Farm |
| 43:16 | Build | Farm |
| 43:17 | Build | Farm |
| 43:17 | Build | Farm |
| 43:25 | Create | Villager (Male) |
| 43:26 | Create | Villager (Male) |
| 43:26 | Create | Villager (Male) |
| 44:34 | Research | Hand Cart |
| 44:35 | Create | Villager (Male) |
| 45:38 | Create | Villager (Male) |
| 45:38 | Create | Villager (Male) |
| 45:39 | Create | Villager (Male) |
| 45:39 | Create | Villager (Male) |
| 45:39 | Create | Villager (Male) |
| 45:40 | Create | Villager (Male) |
Build order — boatman
First 150 of 272 actions detected
| 0:01 | Create | Villager (Male) ×4 |
| 0:03 | Build | House |
| 0:04 | Build | House |
| 1:44 | Create | Villager (Male) |
| 1:44 | Create | Villager (Male) |
| 1:53 | Build | Lumber Camp |
| 1:59 | Create | Villager (Male) |
| 2:15 | Create | Villager (Male) |
| 2:15 | Create | Villager (Male) |
| 2:54 | Create | Villager (Male) |
| 2:55 | Create | Villager (Male) |
| 3:07 | Create | Villager (Male) |
| 3:07 | Create | Villager (Male) |
| 3:36 | Build | House |
| 3:37 | Build | House |
| 3:37 | Build | House |
| 3:37 | Build | House |
| 3:37 | Build | House |
| 3:40 | Create | Villager (Male) |
| 3:40 | Create | Villager (Male) |
| 3:57 | Create | Villager (Male) |
| 3:57 | Create | Villager (Male) |
| 4:48 | Create | Villager (Male) |
| 4:48 | Create | Villager (Male) |
| 5:26 | Create | Villager (Male) |
| 6:14 | Create | Villager (Male) |
| 6:14 | Create | Villager (Male) |
| 6:14 | Create | Villager (Male) |
| 6:34 | Create | Villager (Male) |
| 6:35 | Create | Villager (Male) |
| 6:41 | Create | Villager (Male) |
| 6:42 | Create | Villager (Male) |
| 7:11 | Create | Villager (Male) |
| 7:11 | Create | Villager (Male) |
| 7:11 | Create | Villager (Male) |
| 7:11 | Create | Villager (Male) |
| 7:19 | Build | Mill |
| 7:21 | Create | Villager (Male) |
| 7:22 | Create | Villager (Male) |
| 7:35 | Build | Mill |
| 8:13 | Create | Villager (Male) |
| 9:04 | Build | Mining Camp |
| 9:08 | Research | Feudal Age |
| 11:47 | Build | Mining Camp |
| 12:07 | Build | Farm |
| 12:09 | Age | Feudal Age |
| 12:10 | Build | Farm |
| 12:18 | Build | Market |
| 12:29 | Build | Blacksmith |
| 12:54 | Create | Villager (Male) |
| 13:06 | Research | Castle Age |
| 14:28 | Research | Loom |
| 15:46 | Age | Castle Age |
| 15:51 | Create | Villager (Male) |
| 15:52 | Create | Villager (Male) |
| 15:53 | Create | Villager (Male) |
| 16:33 | Build | Castle |
| 17:20 | Build | Lumber Camp |
| 17:23 | Create | Conquistador |
| 17:23 | Create | Conquistador |
| 17:23 | Create | Conquistador |
| 17:23 | Create | Conquistador |
| 17:24 | Create | Conquistador |
| 17:41 | Create | Conquistador |
| 17:42 | Create | Conquistador |
| 18:06 | Create | Villager (Male) |
| 18:06 | Create | Villager (Male) |
| 18:18 | Build | Farm |
| 18:18 | Build | Farm |
| 18:18 | Build | Farm |
| 18:25 | Build | Farm |
| 18:25 | Build | Farm |
| 18:31 | Build | Farm |
| 18:52 | Create | Conquistador |
| 18:52 | Create | Conquistador |
| 19:35 | Create | Conquistador |
| 19:35 | Create | Conquistador |
| 20:20 | Create | Conquistador |
| 20:20 | Create | Conquistador |
| 21:15 | Create | Conquistador |
| 21:15 | Create | Conquistador |
| 21:15 | Create | Conquistador |
| 21:32 | Create | Villager (Male) |
| 21:32 | Create | Villager (Male) |
| 21:42 | Build | Farm |
| 21:42 | Build | Farm |
| 21:42 | Build | Farm |
| 21:43 | Build | Farm |
| 21:57 | Build | Siege Workshop |
| 22:32 | Create | Mangonel |
| 22:35 | Create | Battering Ram |
| 22:39 | Create | Mangonel |
| 22:46 | Create | Villager (Male) |
| 22:47 | Create | Villager (Male) |
| 22:47 | Create | Villager (Male) |
| 23:13 | Build | Farm |
| 23:13 | Build | Farm |
| 23:13 | Build | Farm |
| 23:13 | Build | Farm |
| 23:14 | Build | Farm |
| 23:16 | Build | Farm |
| 23:30 | Build | Farm |
| 24:12 | Create | Conquistador |
| 24:13 | Create | Conquistador |
| 24:32 | Build | University |
| 25:15 | Create | Conquistador |
| 25:15 | Create | Conquistador |
| 27:34 | Create | Villager (Male) |
| 27:35 | Create | Villager (Male) |
| 27:35 | Create | Villager (Male) |
| 27:35 | Create | Villager (Male) |
| 27:37 | Create | Villager (Male) |
| 27:37 | Create | Villager (Male) |
| 27:49 | Create | Conquistador |
| 27:49 | Create | Conquistador |
| 27:51 | Create | Conquistador |
| 28:33 | Research | Horse Collar |
| 28:35 | Research | Double-Bit Axe |
| 28:56 | Create | Battering Ram |
| 29:03 | Create | Villager (Male) |
| 29:03 | Create | Villager (Male) |
| 29:04 | Create | Villager (Male) |
| 29:04 | Create | Villager (Male) |
| 29:16 | Research | Bow Saw |
| 30:33 | Build | House |
| 30:36 | Build | House |
| 30:39 | Build | House |
| 30:42 | Build | House |
| 30:45 | Build | House |
| 30:48 | Build | House |
| 30:50 | Build | House |
| 32:39 | Research | Imperial Age |
| 32:40 | Research | Wheelbarrow |
| 32:43 | Research | Heavy Plow |
| 33:32 | Create | Conquistador ×5 |
| 33:32 | Create | Conquistador ×5 |
| 33:32 | Create | Conquistador ×5 |
| 34:25 | Research | Scale Barding Armor |
| 34:31 | Build | Barracks |
| 34:41 | Build | Castle |
| 35:40 | Create | Conquistador |
| 35:40 | Create | Conquistador |
| 35:41 | Create | Conquistador |
| 35:41 | Create | Conquistador |
| 35:41 | Create | Conquistador |
| 35:41 | Create | Conquistador |
| 35:42 | Create | Conquistador |
| 35:42 | Create | Conquistador |
| 35:42 | Create | Conquistador |
| 35:42 | Create | Conquistador |
Build order — Flatterschiss7
First 150 of 723 actions detected
| 0:05 | Build | House |
| 0:06 | Build | House |
| 0:49 | Create | Villager (Male) |
| 0:49 | Create | Villager (Male) |
| 0:49 | Create | Villager (Male) |
| 0:50 | Create | Villager (Male) |
| 1:30 | Research | Loom |
| 2:01 | Create | Villager (Male) |
| 2:16 | Create | Villager (Male) |
| 2:34 | Build | Mill |
| 2:55 | Create | Villager (Male) |
| 3:43 | Create | Villager (Male) |
| 3:44 | Create | Villager (Male) |
| 4:16 | Build | House |
| 4:17 | Build | House |
| 4:56 | Create | Villager (Male) |
| 5:14 | Create | Villager (Male) |
| 5:15 | Create | Villager (Male) |
| 5:16 | Create | Villager (Male) |
| 5:17 | Create | Villager (Male) |
| 5:43 | Create | Villager (Male) |
| 5:44 | Create | Villager (Male) |
| 6:31 | Build | Lumber Camp |
| 6:54 | Create | Villager (Male) |
| 7:47 | Create | Villager (Male) |
| 8:10 | Build | Barracks |
| 8:56 | Create | Villager (Male) |
| 9:16 | Research | Feudal Age |
| 9:27 | Build | House |
| 9:28 | Build | House |
| 10:00 | Create | Villager (Male) |
| 10:01 | Create | Villager (Male) |
| 10:25 | Build | Farm |
| 10:41 | Build | Mining Camp |
| 11:33 | Build | Blacksmith |
| 12:02 | Build | Farm |
| 12:21 | Build | Market |
| 12:30 | Research | Double-Bit Axe |
| 13:15 | Build | Farm |
| 13:18 | Build | Farm |
| 13:23 | Build | Farm |
| 14:12 | Build | Farm |
| 14:19 | Build | Farm |
| 15:31 | Build | Barracks |
| 15:34 | Research | Castle Age |
| 16:28 | Research | Gold Mining |
| 16:29 | Research | Stone Mining |
| 16:48 | Build | Farm |
| 17:52 | Create | Villager (Male) |
| 17:53 | Create | Villager (Male) |
| 17:53 | Create | Villager (Male) |
| 17:55 | Create | Villager (Male) |
| 18:20 | Build | Town Center |
| 18:35 | Build | Siege Workshop |
| 18:56 | Create | Villager (Male) |
| 19:04 | Research | Bow Saw |
| 19:21 | Build | Farm |
| 19:22 | Build | Farm |
| 19:38 | Build | House |
| 19:38 | Build | House |
| 19:39 | Build | House |
| 19:53 | Create | Villager (Male) |
| 19:53 | Create | Villager (Male) |
| 19:54 | Create | Villager (Male) |
| 19:58 | Create | Villager (Male) |
| 20:23 | Create | Villager (Male) |
| 20:27 | Create | Villager (Male) |
| 20:32 | Build | Farm |
| 20:33 | Build | Farm |
| 20:40 | Build | Farm |
| 20:42 | Build | Farm |
| 20:52 | Create | Villager (Male) |
| 21:02 | Create | Villager (Male) |
| 21:19 | Build | Siege Workshop |
| 21:24 | Create | Villager (Male) |
| 21:41 | Create | Villager (Male) |
| 21:43 | Create | Villager (Male) |
| 21:45 | Create | Villager (Male) |
| 22:01 | Create | Villager (Male) |
| 22:17 | Build | Farm |
| 22:26 | Build | University |
| 22:31 | Build | House |
| 22:32 | Build | House |
| 22:33 | Build | House |
| 22:41 | Create | Scorpion |
| 22:45 | Create | Scorpion |
| 22:51 | Create | Villager (Male) |
| 22:53 | Create | Villager (Male) |
| 22:55 | Create | Villager (Male) |
| 22:56 | Create | Villager (Male) |
| 22:58 | Create | Villager (Male) |
| 23:00 | Create | Villager (Male) |
| 23:14 | Build | Farm |
| 23:17 | Build | Farm |
| 23:19 | Create | Villager (Male) |
| 23:22 | Create | Villager (Male) |
| 24:13 | Build | House |
| 24:14 | Build | House |
| 24:15 | Build | House |
| 24:16 | Build | House |
| 24:20 | Build | Farm |
| 24:23 | Create | Villager (Male) |
| 24:24 | Create | Villager (Male) |
| 24:26 | Create | Villager (Male) |
| 24:26 | Create | Villager (Male) |
| 24:28 | Research | Wheelbarrow |
| 24:50 | Build | Castle |
| 24:58 | Create | Scorpion |
| 25:00 | Create | Scorpion |
| 25:02 | Research | Man-at-Arms (upgrade) |
| 25:12 | Build | Stable |
| 25:20 | Build | Stable |
| 25:27 | Create | Villager (Male) |
| 25:27 | Create | Villager (Male) |
| 25:29 | Create | Villager (Male) |
| 25:29 | Create | Villager (Male) |
| 25:31 | Create | Villager (Male) |
| 25:34 | Create | Villager (Male) |
| 25:38 | Build | Farm |
| 25:39 | Build | Farm |
| 25:41 | Build | Farm |
| 26:00 | Build | Mill |
| 26:02 | Build | Farm |
| 26:14 | Create | Villager (Male) |
| 26:15 | Create | Villager (Male) |
| 26:15 | Create | Villager (Male) |
| 26:19 | Build | Farm |
| 26:33 | Build | House |
| 26:34 | Build | House |
| 26:51 | Create | Knight |
| 26:52 | Create | Knight |
| 26:52 | Create | Knight |
| 26:53 | Create | Knight |
| 26:58 | Create | Knight |
| 26:59 | Create | Scorpion |
| 27:02 | Create | Villager (Male) |
| 27:03 | Create | Villager (Male) |
| 27:19 | Build | Mining Camp |
| 27:30 | Build | Farm |
| 27:33 | Build | Farm |
| 27:56 | Create | Knight |
| 27:56 | Create | Knight |
| 27:56 | Create | Knight |
| 28:07 | Build | Stable |
| 28:11 | Research | Scale Barding Armor |
| 28:12 | Research | Forging |
| 28:28 | Build | House |
| 28:29 | Build | House |
| 28:30 | Build | House |
| 28:33 | Research | Husbandry |
Build order — yellowmonday
First 150 of 262 actions detected
| 0:01 | Create | Villager (Male) |
| 0:01 | Create | Villager (Male) |
| 0:01 | Create | Villager (Male) |
| 0:02 | Create | Villager (Male) |
| 0:07 | Build | House |
| 0:09 | Build | House |
| 1:46 | Create | Villager (Male) |
| 2:10 | Create | Villager (Male) |
| 2:34 | Create | Villager (Male) |
| 2:58 | Create | Villager (Male) |
| 3:22 | Create | Villager (Male) |
| 3:32 | Build | House |
| 3:37 | Build | House |
| 3:38 | Build | House |
| 3:49 | Create | Villager (Male) |
| 3:57 | Build | Mill |
| 4:16 | Create | Villager (Male) |
| 4:42 | Create | Villager (Male) |
| 5:14 | Create | Villager (Male) |
| 5:38 | Create | Villager (Male) |
| 5:54 | Build | Lumber Camp |
| 6:00 | Create | Villager (Male) |
| 6:07 | Create | Villager (Male) |
| 6:28 | Create | Villager (Male) |
| 6:28 | Create | Villager (Male) |
| 7:09 | Create | Villager (Male) |
| 7:31 | Create | Villager (Male) |
| 7:45 | Create | Villager (Male) |
| 7:45 | Create | Villager (Male) |
| 8:44 | Create | Villager (Male) |
| 9:18 | Create | Villager (Male) |
| 9:18 | Create | Villager (Male) |
| 9:30 | Build | Mining Camp |
| 10:21 | Build | Mining Camp |
| 10:32 | Build | Farm |
| 10:34 | Build | Farm |
| 10:35 | Build | Farm |
| 10:35 | Build | Farm |
| 10:39 | Research | Feudal Age |
| 10:47 | Build | Farm |
| 10:50 | Build | Farm |
| 10:51 | Build | Farm |
| 10:53 | Build | Farm |
| 10:57 | Build | Farm |
| 11:54 | Build | Mill |
| 12:49 | Age | Feudal Age |
| 12:52 | Research | Castle Age |
| 12:52 | Research | Castle Age |
| 13:15 | Research | Double-Bit Axe |
| 13:27 | Research | Horse Collar |
| 13:53 | Research | Gold Mining |
| 14:07 | Research | Stone Mining |
| 14:27 | Create | Villager (Male) |
| 14:27 | Create | Villager (Male) |
| 14:40 | Create | Villager (Male) |
| 15:32 | Age | Castle Age |
| 15:36 | Build | Monastery |
| 15:47 | Research | Bow Saw |
| 15:52 | Research | Heavy Plow |
| 16:07 | Build | House |
| 16:13 | Create | Monk |
| 16:32 | Create | Villager (Male) |
| 16:40 | Build | House |
| 16:48 | Build | House |
| 16:56 | Build | Farm |
| 16:58 | Build | Farm |
| 16:59 | Build | Farm |
| 17:02 | Build | Farm |
| 17:03 | Build | Farm |
| 17:12 | Build | Farm |
| 17:27 | Create | Monk |
| 17:36 | Research | Wheelbarrow |
| 17:50 | Create | Villager (Male) |
| 18:51 | Create | Villager (Male) |
| 19:00 | Build | Town Center |
| 19:07 | Research | Gold Shaft Mining |
| 19:18 | Create | Villager (Male) |
| 20:06 | Create | Monk |
| 20:32 | Create | Villager (Male) ×5 |
| 20:40 | Create | Villager (Male) ×5 |
| 20:59 | Create | Villager (Male) |
| 21:21 | Build | Market |
| 21:30 | Create | Villager (Male) |
| 22:13 | Research | Hand Cart |
| 22:17 | Create | Villager (Male) |
| 22:39 | Build | Castle |
| 23:00 | Create | Villager (Male) |
| 23:12 | Research | Loom |
| 23:52 | Create | Villager (Male) |
| 23:52 | Create | Villager (Male) |
| 24:01 | Build | House |
| 24:04 | Build | House |
| 24:06 | Build | House |
| 24:33 | Create | Villager (Male) |
| 24:49 | Build | Stable |
| 25:01 | Build | Siege Workshop |
| 25:07 | Research | Imperial Age |
| 25:11 | Create | Villager (Male) ×5 |
| 26:09 | Build | University |
| 26:13 | Build | Farm |
| 26:14 | Build | Farm |
| 26:21 | Create | Scout Cavalry |
| 27:03 | Create | Villager (Male) |
| 27:03 | Create | Villager (Male) |
| 27:17 | Build | Lumber Camp |
| 27:22 | Research | Ballistics |
| 27:26 | Research | Fortified Wall (upgrade) |
| 27:36 | Create | Villager (Male) |
| 27:36 | Create | Villager (Male) |
| 27:44 | Build | Farm |
| 27:47 | Build | Farm |
| 27:49 | Build | Farm |
| 28:03 | Create | Scorpion |
| 28:03 | Create | Scorpion |
| 28:04 | Create | Scorpion |
| 28:11 | Research | Bloodlines |
| 28:16 | Research | Husbandry |
| 28:18 | Age | Imperial Age |
| 28:28 | Research | Double Crossbow |
| 28:33 | Create | Villager (Male) |
| 28:44 | Build | Stable |
| 28:50 | Build | House |
| 28:52 | Build | House |
| 28:54 | Build | House |
| 29:00 | Build | Farm |
| 29:01 | Build | Farm |
| 29:03 | Build | Farm |
| 29:04 | Build | Farm |
| 29:10 | Create | Villager (Male) |
| 29:10 | Create | Villager (Male) |
| 29:13 | Create | Villager (Male) |
| 29:13 | Create | Villager (Male) |
| 29:35 | Create | Scorpion |
| 29:35 | Create | Scorpion |
| 29:52 | Research | Light Cavalry (upgrade) |
| 30:09 | Create | Villager (Male) |
| 30:09 | Create | Villager (Male) |
| 30:17 | Create | Villager (Male) |
| 30:17 | Create | Villager (Male) |
| 30:22 | Research | Stone Shaft Mining |
| 30:30 | Build | Farm |
| 30:31 | Build | Farm |
| 30:32 | Build | Farm |
| 30:35 | Build | Farm |
| 30:38 | Build | Farm |
| 30:49 | Create | Villager (Male) |
| 30:49 | Create | Villager (Male) |
| 30:53 | Create | Scorpion |
| 30:53 | Create | Scorpion |
| 30:53 | Create | Scorpion |
Build order — BulldokCZE
First 150 of 591 actions detected
| 0:03 | Build | House |
| 0:04 | Create | Villager (Male) |
| 0:04 | Create | Villager (Male) |
| 0:04 | Create | Villager (Male) |
| 0:05 | Create | Villager (Male) |
| 0:05 | Create | Villager (Male) |
| 0:06 | Build | House |
| 1:28 | Create | Villager (Male) |
| 1:55 | Create | Villager (Male) |
| 1:55 | Create | Villager (Male) |
| 2:38 | Create | Villager (Male) |
| 2:38 | Create | Villager (Male) |
| 3:06 | Create | Villager (Male) |
| 3:06 | Create | Villager (Male) |
| 3:28 | Build | Lumber Camp |
| 3:54 | Create | Villager (Male) |
| 3:54 | Create | Villager (Male) |
| 3:54 | Create | Villager (Male) |
| 4:03 | Build | House |
| 4:11 | Build | House |
| 4:13 | Build | House |
| 4:19 | Create | Villager (Male) |
| 4:59 | Create | Villager (Male) |
| 5:00 | Create | Villager (Male) |
| 5:01 | Create | Villager (Male) |
| 5:32 | Create | Villager (Male) |
| 5:32 | Create | Villager (Male) |
| 5:32 | Create | Villager (Male) |
| 5:32 | Create | Villager (Male) |
| 5:57 | Build | Mill |
| 6:09 | Create | Villager (Male) |
| 6:10 | Create | Villager (Male) |
| 6:14 | Build | House |
| 7:25 | Build | Mill |
| 7:57 | Research | Loom |
| 8:01 | Create | Villager (Male) |
| 8:01 | Create | Villager (Male) |
| 8:03 | Create | Villager (Male) |
| 8:43 | Build | Mill |
| 8:59 | Research | Feudal Age |
| 10:03 | Create | Villager (Male) |
| 10:03 | Create | Villager (Male) |
| 10:04 | Create | Villager (Male) |
| 10:04 | Create | Villager (Male) |
| 10:04 | Create | Villager (Male) |
| 10:10 | Build | House |
| 10:12 | Build | House |
| 10:16 | Build | House |
| 10:17 | Build | House |
| 10:18 | Build | House |
| 10:24 | Create | Villager (Male) |
| 10:25 | Create | Villager (Male) |
| 10:49 | Create | Villager (Male) |
| 10:49 | Create | Villager (Male) |
| 11:24 | Build | Lumber Camp |
| 11:31 | Age | Feudal Age |
| 11:56 | Build | Mining Camp |
| 12:01 | Create | Villager (Male) |
| 12:01 | Create | Villager (Male) |
| 12:01 | Create | Villager (Male) |
| 12:14 | Research | Double-Bit Axe |
| 12:30 | Create | Villager (Male) |
| 12:50 | Build | Blacksmith |
| 13:24 | Research | Loom |
| 13:25 | Research | Wheelbarrow |
| 13:26 | Create | Villager (Male) |
| 13:26 | Create | Villager (Male) |
| 14:02 | Build | Market |
| 14:06 | Create | Villager (Male) |
| 14:06 | Create | Villager (Male) |
| 14:13 | Build | Farm |
| 14:18 | Build | Farm |
| 14:54 | Build | Farm |
| 14:54 | Build | Farm |
| 15:27 | Build | Mill |
| 15:53 | Build | Barracks |
| 16:07 | Research | Castle Age |
| 16:10 | Create | Villager (Male) |
| 16:11 | Create | Villager (Male) |
| 16:11 | Create | Villager (Male) |
| 16:24 | Build | Farm |
| 16:24 | Build | Farm |
| 16:33 | Build | Mining Camp |
| 17:19 | Research | Horse Collar |
| 17:34 | Build | Barracks |
| 17:36 | Create | Spearman |
| 17:36 | Create | Spearman |
| 17:37 | Create | Spearman |
| 17:52 | Create | Villager (Male) |
| 17:52 | Create | Villager (Male) |
| 17:52 | Create | Villager (Male) |
| 18:18 | Research | Stone Mining |
| 18:18 | Research | Gold Mining |
| 18:30 | Create | Spearman ×4 |
| 18:31 | Create | Spearman ×4 |
| 18:47 | Age | Castle Age |
| 19:03 | Build | Monastery |
| 19:16 | Build | Town Center |
| 19:45 | Build | House |
| 19:47 | Build | House |
| 19:52 | Create | Monk |
| 19:57 | Create | Villager (Male) |
| 19:57 | Create | Villager (Male) |
| 20:10 | Research | Bow Saw |
| 20:25 | Research | Arson |
| 20:39 | Research | Forging |
| 20:49 | Build | Mining Camp |
| 21:37 | Research | Squires |
| 21:40 | Research | Pikeman (upgrade) |
| 21:47 | Build | Town Center |
| 21:50 | Create | Monk |
| 21:52 | Create | Villager (Male) |
| 21:58 | Build | Farm |
| 21:58 | Build | Farm |
| 22:26 | Create | Villager (Male) ×2 |
| 22:26 | Create | Villager (Male) ×2 |
| 22:57 | Build | Farm |
| 23:03 | Create | Villager (Male) ×3 |
| 23:07 | Build | Farm |
| 23:08 | Build | Farm |
| 23:24 | Create | Villager (Male) |
| 23:33 | Create | Villager (Male) |
| 23:47 | Build | Castle |
| 23:58 | Build | Castle |
| 24:04 | Create | Villager (Male) ×3 |
| 24:13 | Build | Town Center |
| 24:42 | Create | Spearman ×4 |
| 24:42 | Create | Spearman ×4 |
| 24:51 | Create | Villager (Male) ×3 |
| 24:56 | Build | Farm |
| 24:56 | Build | Farm |
| 24:57 | Build | Farm |
| 25:00 | Build | Farm |
| 25:02 | Build | Farm |
| 25:02 | Build | Farm |
| 25:03 | Build | Farm |
| 25:03 | Build | Farm |
| 25:03 | Build | Farm |
| 25:03 | Build | Farm |
| 25:03 | Build | Farm |
| 25:04 | Build | Farm |
| 25:04 | Build | Farm |
| 25:04 | Build | Farm |
| 25:04 | Build | Farm |
| 25:05 | Build | Farm |
| 25:05 | Build | Farm |
| 25:06 | Build | Farm |
| 25:06 | Build | Farm |
| 25:06 | Build | Farm |
| 25:07 | Build | Farm |
Build order — Gral. A. Pinochet /:v/
First 150 of 1425 actions detected
| 0:01 | Create | Villager (Male) |
| 0:02 | Create | Villager (Male) |
| 0:02 | Create | Villager (Male) |
| 0:02 | Create | Villager (Male) |
| 0:03 | Create | Villager (Male) |
| 0:05 | Build | House |
| 0:07 | Build | House |
| 1:29 | Create | Villager (Male) |
| 1:29 | Create | Villager (Male) |
| 1:50 | Build | Lumber Camp |
| 2:26 | Create | Villager (Male) |
| 2:26 | Create | Villager (Male) |
| 2:26 | Create | Villager (Male) |
| 3:20 | Create | Villager (Male) |
| 3:20 | Create | Villager (Male) |
| 3:20 | Create | Villager (Male) |
| 3:21 | Create | Villager (Male) |
| 3:35 | Create | Villager (Male) |
| 3:35 | Create | Villager (Male) |
| 3:36 | Create | Villager (Male) |
| 3:51 | Build | House |
| 3:52 | Build | House |
| 4:39 | Create | Villager (Male) |
| 4:39 | Create | Villager (Male) |
| 4:39 | Create | Villager (Male) |
| 4:39 | Create | Villager (Male) |
| 5:31 | Create | Villager (Male) |
| 5:32 | Create | Villager (Male) |
| 5:32 | Create | Villager (Male) |
| 5:32 | Create | Villager (Male) |
| 5:32 | Create | Villager (Male) |
| 5:33 | Create | Villager (Male) |
| 5:39 | Build | Mill |
| 6:33 | Create | Villager (Male) |
| 6:33 | Create | Villager (Male) |
| 6:34 | Create | Villager (Male) |
| 6:34 | Create | Villager (Male) |
| 6:34 | Create | Villager (Male) |
| 6:59 | Create | Villager (Male) |
| 6:59 | Create | Villager (Male) |
| 7:48 | Create | Villager (Male) |
| 7:48 | Create | Villager (Male) |
| 7:48 | Create | Villager (Male) |
| 7:48 | Create | Villager (Male) |
| 7:49 | Create | Villager (Male) |
| 7:49 | Create | Villager (Male) |
| 8:17 | Create | Villager (Male) |
| 8:17 | Create | Villager (Male) |
| 8:17 | Create | Villager (Male) |
| 8:23 | Build | House |
| 8:25 | Build | House |
| 9:17 | Build | Mill |
| 9:55 | Build | Mining Camp |
| 10:19 | Research | Feudal Age |
| 12:03 | Create | Villager (Male) |
| 12:04 | Create | Villager (Male) |
| 12:42 | Age | Feudal Age |
| 12:43 | Research | Double-Bit Axe |
| 12:43 | Research | Double-Bit Axe |
| 12:50 | Build | Market |
| 13:01 | Build | Blacksmith |
| 13:06 | Build | Farm |
| 13:15 | Build | Mining Camp |
| 13:18 | Create | Villager (Male) |
| 13:18 | Create | Villager (Male) |
| 13:48 | Build | Farm |
| 14:07 | Build | Farm |
| 14:16 | Build | Barracks |
| 14:25 | Build | Farm |
| 14:27 | Build | Farm |
| 14:38 | Research | Castle Age |
| 15:08 | Build | Farm |
| 15:10 | Build | Farm |
| 15:12 | Build | Farm |
| 15:21 | Build | Barracks |
| 15:24 | Build | House |
| 15:53 | Build | Farm |
| 15:55 | Build | Farm |
| 15:57 | Research | Horse Collar |
| 16:51 | Build | House |
| 16:53 | Build | House |
| 16:55 | Build | House |
| 16:57 | Build | House |
| 17:01 | Research | Gold Mining |
| 17:06 | Research | Stone Mining |
| 17:18 | Age | Castle Age |
| 17:19 | Research | Wheelbarrow |
| 18:13 | Build | Town Center |
| 18:40 | Build | Monastery |
| 18:47 | Create | Villager (Male) |
| 18:47 | Create | Villager (Male) |
| 18:47 | Create | Villager (Male) |
| 18:47 | Create | Villager (Male) |
| 19:33 | Create | Monk |
| 19:42 | Build | House |
| 19:44 | Build | House |
| 20:04 | Create | Villager (Male) |
| 20:04 | Create | Villager (Male) |
| 20:04 | Create | Villager (Male) |
| 20:04 | Create | Villager (Male) |
| 20:11 | Build | Farm |
| 20:13 | Build | Farm |
| 20:14 | Build | Farm |
| 20:19 | Create | Villager (Male) |
| 20:20 | Create | Villager (Male) |
| 20:22 | Create | Villager (Male) |
| 20:22 | Create | Villager (Male) |
| 20:50 | Research | Squires |
| 20:55 | Build | House |
| 21:10 | Build | Castle |
| 21:18 | Research | Loom |
| 21:26 | Research | Hand Cart |
| 21:51 | Create | Villager (Male) |
| 21:51 | Create | Villager (Male) |
| 21:51 | Create | Villager (Male) |
| 21:52 | Create | Villager (Male) |
| 22:02 | Build | Farm |
| 22:04 | Build | Farm |
| 22:05 | Build | Farm |
| 22:07 | Build | Farm |
| 22:09 | Build | Farm |
| 22:12 | Create | Villager (Male) |
| 22:12 | Create | Villager (Male) |
| 22:46 | Create | Villager (Male) |
| 22:46 | Create | Villager (Male) |
| 22:46 | Create | Villager (Male) |
| 22:55 | Create | Villager (Male) |
| 23:19 | Create | Villager (Male) |
| 23:19 | Create | Villager (Male) |
| 23:29 | Build | Farm |
| 23:30 | Build | Farm |
| 23:32 | Build | Farm |
| 23:35 | Research | Heavy Plow |
| 23:39 | Create | Villager (Male) |
| 23:39 | Create | Villager (Male) |
| 24:04 | Build | Barracks |
| 24:05 | Build | Barracks |
| 24:40 | Build | Mining Camp |
| 24:54 | Research | Bow Saw |
| 24:58 | Research | Town Watch |
| 25:00 | Create | Villager (Male) |
| 25:00 | Create | Villager (Male) |
| 25:00 | Create | Villager (Male) |
| 25:02 | Create | Villager (Male) |
| 25:03 | Create | Villager (Male) |
| 25:03 | Create | Villager (Male) |
| 25:03 | Create | Villager (Male) |
| 25:03 | Create | Villager (Male) |
| 25:18 | Build | Outpost |
| 25:33 | Create | Villager (Male) |
Build order — pocestny
First 150 of 303 actions detected
| 0:01 | Create | Villager (Male) |
| 0:02 | Create | Villager (Male) |
| 0:02 | Create | Villager (Male) |
| 0:02 | Create | Villager (Male) |
| 0:05 | Build | House |
| 0:17 | Build | House |
| 1:29 | Create | Villager (Male) |
| 1:29 | Create | Villager (Male) |
| 2:13 | Create | Villager (Male) |
| 2:30 | Build | Settlement |
| 2:39 | Create | Villager (Male) |
| 2:39 | Create | Villager (Male) |
| 3:03 | Create | Villager (Male) |
| 3:03 | Create | Villager (Male) |
| 3:29 | Create | Villager (Male) |
| 4:06 | Create | Villager (Male) ×2 |
| 4:47 | Build | Outpost |
| 4:58 | Create | Villager (Male) ×3 |
| 4:58 | Create | Villager (Male) ×3 |
| 4:59 | Create | Villager (Male) |
| 5:29 | Build | Settlement |
| 5:44 | Create | Villager (Male) |
| 5:44 | Create | Villager (Male) |
| 6:04 | Build | Outpost |
| 6:42 | Create | Villager (Male) |
| 6:53 | Build | Outpost |
| 7:12 | Create | Villager (Male) |
| 7:12 | Create | Villager (Male) |
| 7:19 | Build | Outpost |
| 7:35 | Create | Villager (Male) |
| 8:08 | Build | Settlement |
| 8:12 | Create | Villager (Male) |
| 8:12 | Create | Villager (Male) |
| 8:18 | Build | Outpost |
| 9:44 | Build | Barracks |
| 10:19 | Build | Settlement |
| 10:27 | Research | Feudal Age |
| 10:30 | Research | Loom |
| 10:41 | Build | Outpost |
| 11:22 | Build | Settlement |
| 11:26 | Build | Farm |
| 11:26 | Build | Farm |
| 11:27 | Build | Farm |
| 11:27 | Build | Farm |
| 12:06 | Create | Unit 2550 |
| 12:06 | Create | Unit 2550 |
| 12:37 | Age | Feudal Age |
| 12:42 | Research | Town Watch |
| 12:44 | Create | Villager (Male) |
| 12:44 | Create | Villager (Male) |
| 12:49 | Research | Tech 1402 |
| 12:59 | Create | Spearman |
| 13:31 | Build | Outpost |
| 13:45 | Build | Blacksmith |
| 14:00 | Build | Farm |
| 14:22 | Build | Farm |
| 14:26 | Research | Double-Bit Axe |
| 14:30 | Research | Horse Collar |
| 14:42 | Research | Forging |
| 14:43 | Research | Scale Mail Armor |
| 15:16 | Build | Outpost |
| 15:27 | Build | Outpost |
| 15:30 | Create | Villager (Male) |
| 15:31 | Create | Villager (Male) |
| 15:42 | Build | Farm |
| 15:48 | Build | Farm |
| 15:53 | Build | Farm |
| 16:03 | Build | Outpost |
| 16:12 | Build | Farm |
| 16:21 | Build | Farm |
| 16:27 | Build | Farm |
| 16:33 | Build | Farm |
| 16:46 | Build | Outpost |
| 17:16 | Create | Villager (Male) |
| 17:41 | Research | Gold Mining |
| 17:44 | Research | Stone Mining |
| 17:49 | Build | Farm |
| 17:52 | Create | Villager (Male) |
| 17:53 | Create | Villager (Male) |
| 18:21 | Build | Outpost |
| 18:51 | Build | Archery Range |
| 19:00 | Create | Villager (Male) |
| 19:21 | Build | Farm |
| 19:22 | Build | Farm |
| 19:22 | Build | Farm |
| 19:22 | Build | Farm |
| 19:23 | Build | Farm |
| 19:23 | Build | Farm |
| 19:33 | Build | Farm |
| 20:18 | Research | Castle Age |
| 20:38 | Build | Farm |
| 20:40 | Build | Farm |
| 20:49 | Build | Farm |
| 21:10 | Create | Villager (Male) |
| 21:10 | Create | Villager (Male) |
| 21:11 | Research | Wheelbarrow |
| 22:36 | Research | Arson |
| 22:58 | Age | Castle Age |
| 23:06 | Build | Siege Workshop |
| 23:28 | Build | Castle |
| 23:44 | Create | Mangonel |
| 23:44 | Create | Mangonel |
| 23:57 | Create | Villager (Male) |
| 23:58 | Create | Villager (Male) |
| 24:08 | Research | Squires |
| 24:55 | Build | Town Center |
| 25:27 | Build | Settlement |
| 25:34 | Research | Town Patrol |
| 26:10 | Create | Mangonel |
| 26:42 | Create | Villager (Male) ×5 |
| 27:10 | Build | Settlement |
| 27:28 | Create | Villager (Male) |
| 27:28 | Create | Villager (Male) |
| 27:49 | Create | Mangonel |
| 27:52 | Create | Villager (Male) |
| 27:53 | Create | Villager (Male) |
| 29:07 | Build | University |
| 29:09 | Build | House |
| 30:00 | Create | Villager (Male) |
| 30:00 | Create | Villager (Male) |
| 30:20 | Research | Imperial Age |
| 31:00 | Create | Villager (Male) ×5 |
| 31:11 | Build | Castle |
| 31:26 | Create | Mangonel |
| 31:27 | Create | Mangonel |
| 31:30 | Create | Mangonel |
| 32:00 | Create | Villager (Male) ×5 |
| 32:00 | Create | Villager (Male) ×5 |
| 32:08 | Build | Farm |
| 32:08 | Build | Farm |
| 32:09 | Build | Farm |
| 32:09 | Build | Farm |
| 32:09 | Build | Farm |
| 32:14 | Create | Kamayuk ×2 |
| 32:18 | Research | Scale Mail Armor |
| 32:59 | Build | Settlement |
| 33:15 | Create | Kamayuk ×3 |
| 33:35 | Age | Imperial Age |
| 33:44 | Build | Settlement |
| 34:26 | Create | Trebuchet (Packed) |
| 34:26 | Create | Trebuchet (Packed) |
| 34:59 | Research | Conscription |
| 35:01 | Research | Fabric Shields |
| 35:03 | Create | Kamayuk ×5 |
| 35:43 | Create | Kamayuk ×5 |
| 35:50 | Research | Fabric Shields |
| 36:27 | Create | Villager (Male) ×5 |
| 36:27 | Create | Villager (Male) ×5 |
| 37:40 | Create | Kamayuk ×5 |
| 37:59 | Create | Villager (Male) ×5 |
Build order — Boyka
First 150 of 466 actions detected
| 0:03 | Create | Villager (Male) |
| 0:03 | Create | Villager (Male) |
| 0:06 | Build | House |
| 0:10 | Build | House |
| 0:21 | Create | Villager (Male) |
| 0:21 | Create | Villager (Male) |
| 0:21 | Create | Villager (Male) |
| 1:29 | Create | Villager (Male) |
| 1:29 | Create | Villager (Male) |
| 1:30 | Create | Villager (Male) |
| 2:19 | Create | Villager (Male) |
| 2:19 | Create | Villager (Male) |
| 2:19 | Create | Villager (Male) |
| 2:48 | Create | Villager (Male) |
| 2:48 | Create | Villager (Male) |
| 2:48 | Create | Villager (Male) |
| 3:14 | Create | Villager (Male) |
| 3:14 | Create | Villager (Male) |
| 3:44 | Create | Villager (Male) |
| 3:44 | Create | Villager (Male) |
| 4:00 | Create | Villager (Male) |
| 4:01 | Create | Villager (Male) |
| 4:10 | Build | House |
| 4:30 | Create | Villager (Male) |
| 4:38 | Build | Mill |
| 4:45 | Create | Villager (Male) |
| 5:10 | Create | Villager (Male) |
| 5:32 | Create | Villager (Male) |
| 5:32 | Create | Villager (Male) |
| 6:00 | Create | Villager (Male) |
| 6:18 | Build | House |
| 6:41 | Build | Lumber Camp |
| 6:44 | Create | Villager (Male) |
| 7:38 | Create | Villager (Male) |
| 8:07 | Create | Villager (Male) |
| 8:33 | Create | Villager (Male) |
| 8:40 | Build | House |
| 8:54 | Research | Feudal Age |
| 10:30 | Build | Mining Camp |
| 10:48 | Build | Farm |
| 10:51 | Build | Farm |
| 11:08 | Age | Feudal Age |
| 11:09 | Research | Horse Collar |
| 11:11 | Research | Wheelbarrow |
| 11:13 | Research | Double-Bit Axe |
| 11:43 | Create | Villager (Male) |
| 11:51 | Build | Market |
| 12:22 | Create | Villager (Male) |
| 12:29 | Build | Farm |
| 13:03 | Build | Blacksmith |
| 13:06 | Create | Villager (Male) |
| 13:16 | Build | Farm |
| 13:28 | Build | Farm |
| 13:40 | Create | Villager (Male) |
| 13:46 | Build | Farm |
| 13:57 | Build | Farm |
| 14:04 | Build | Farm |
| 14:05 | Create | Villager (Male) |
| 14:14 | Build | House |
| 14:26 | Build | Farm |
| 14:29 | Create | Villager (Male) |
| 14:39 | Build | Mining Camp |
| 14:46 | Build | Farm |
| 14:47 | Build | Farm |
| 15:02 | Research | Castle Age |
| 17:42 | Age | Castle Age |
| 17:45 | Research | Hand Cart |
| 17:51 | Create | Villager (Male) |
| 17:55 | Research | Bow Saw |
| 17:57 | Research | Heavy Plow |
| 18:00 | Create | Villager (Male) |
| 19:24 | Build | Castle |
| 19:39 | Create | Villager (Male) |
| 19:46 | Create | Villager (Male) |
| 20:08 | Create | Villager (Male) |
| 20:14 | Build | Farm |
| 20:28 | Build | House |
| 20:29 | Build | House |
| 20:33 | Create | Villager (Male) |
| 21:06 | Create | Hussite Wagon |
| 21:09 | Create | Villager (Male) |
| 21:14 | Build | Farm |
| 21:19 | Build | Farm |
| 21:23 | Create | Villager (Male) |
| 21:32 | Build | University |
| 21:36 | Create | Hussite Wagon |
| 21:44 | Build | Farm |
| 21:51 | Create | Hussite Wagon |
| 21:58 | Create | Hussite Wagon |
| 22:05 | Create | Villager (Male) |
| 22:09 | Build | Farm |
| 22:29 | Build | Farm |
| 22:31 | Create | Villager (Male) |
| 22:50 | Create | Villager (Male) |
| 22:59 | Build | Mining Camp |
| 23:09 | Build | Siege Workshop |
| 23:19 | Create | Villager (Male) |
| 23:28 | Research | Imperial Age |
| 23:46 | Create | Hussite Wagon |
| 23:49 | Create | Hussite Wagon |
| 23:57 | Build | Lumber Camp |
| 24:17 | Create | Hussite Wagon |
| 24:48 | Create | Villager (Male) |
| 25:00 | Create | Hussite Wagon |
| 25:14 | Create | Hussite Wagon |
| 25:34 | Build | House |
| 25:38 | Research | Chemistry |
| 26:07 | Create | Hussite Wagon |
| 26:39 | Create | Villager (Male) |
| 26:40 | Create | Villager (Male) |
| 26:40 | Create | Villager (Male) |
| 26:52 | Build | Farm |
| 26:59 | Age | Imperial Age |
| 27:33 | Create | Villager (Male) |
| 27:54 | Create | Villager (Male) |
| 28:08 | Create | Villager (Male) |
| 28:21 | Build | Siege Workshop |
| 28:26 | Create | Villager (Male) |
| 28:26 | Create | Villager (Male) |
| 28:39 | Create | Villager (Male) |
| 28:58 | Create | Bombard Cannon |
| 29:04 | Create | Hussite Wagon |
| 29:04 | Create | Hussite Wagon |
| 29:08 | Create | Villager (Male) |
| 29:08 | Create | Villager (Male) |
| 29:25 | Build | Castle |
| 29:31 | Create | Hussite Wagon |
| 29:31 | Create | Hussite Wagon |
| 29:49 | Build | Castle |
| 30:17 | Create | Bombard Cannon |
| 30:41 | Research | Loom |
| 30:56 | Create | Hussite Wagon |
| 31:06 | Create | Hussite Wagon |
| 31:23 | Create | Bombard Cannon |
| 31:25 | Create | Hussite Wagon |
| 31:35 | Create | Hussite Wagon |
| 31:38 | Create | Villager (Male) |
| 31:38 | Create | Villager (Male) |
| 32:05 | Create | Trebuchet (Packed) |
| 32:29 | Create | Hussite Wagon |
| 32:49 | Create | Trebuchet (Packed) |
| 33:07 | Build | Castle |
| 33:09 | Create | Villager (Male) |
| 33:09 | Create | Villager (Male) |
| 33:10 | Create | Villager (Male) |
| 33:36 | Create | Villager (Male) |
| 33:36 | Create | Villager (Male) |
| 33:36 | Create | Villager (Male) |
| 33:46 | Create | Bombard Cannon |
| 33:49 | Create | Hussite Wagon |
Match timeline
| 8:10 | Flatterschiss7 · first_building Barracks |
| 9:44 | pocestny · first_building Barracks |
| 10:55 | Hamza Khan · age_up feudal |
| 11:08 | Boyka · age_up feudal |
| 11:31 | BulldokCZE · age_up feudal |
| 12:09 | boatman · age_up feudal |
| 12:37 | pocestny · age_up feudal |
| 12:42 | Gral. A. Pinochet /:v/ · age_up feudal |
| 12:49 | yellowmonday · age_up feudal |
| 13:25 | boatman · first_market_sell 500 wood |
| 14:16 | Gral. A. Pinochet /:v/ · first_building Barracks |
| 15:32 | yellowmonday · age_up castle |
| 15:36 | yellowmonday · first_building Monastery |
| 15:46 | boatman · age_up castle |
| 15:49 | boatman · first_market_buy 100 stone |
| 15:53 | BulldokCZE · first_building Barracks |
| 16:33 | boatman · first_building Castle |
| 17:18 | Gral. A. Pinochet /:v/ · age_up castle |
| 17:27 | Gral. A. Pinochet /:v/ · first_market_buy 100 wood |
| 17:42 | Boyka · age_up castle |
| 17:55 | Hamza Khan · first_building Barracks |
| 18:35 | Flatterschiss7 · first_building Siege Workshop |
| 18:40 | Gral. A. Pinochet /:v/ · first_building Monastery |
| 18:47 | BulldokCZE · age_up castle |
| 18:51 | pocestny · first_building Archery Range |
| 18:54 | BulldokCZE · first_market_buy 100 wood |
| 19:03 | BulldokCZE · first_building Monastery |
| 19:24 | Boyka · first_building Castle |
| 19:34 | Hamza Khan · first_building Archery Range |
| 20:05 | Hamza Khan · age_up castle |
| 21:10 | Gral. A. Pinochet /:v/ · first_building Castle |
| 21:57 | boatman · first_building Siege Workshop |
| 22:39 | yellowmonday · first_building Castle |
| 22:56 | yellowmonday · tribute_sent a jugador 1 |
| 22:56 | yellowmonday · tribute_sent a jugador 2 |
| 22:56 | yellowmonday · tribute_sent a jugador 3 |
| 22:56 | yellowmonday · tribute_sent a jugador 5 |
| 22:56 | yellowmonday · tribute_sent a jugador 6 |
| 22:56 | yellowmonday · tribute_sent a jugador 7 |
| 22:56 | yellowmonday · tribute_sent a jugador 8 |
| 22:58 | pocestny · age_up castle |
| 23:06 | pocestny · first_building Siege Workshop |
| 23:09 | Boyka · first_building Siege Workshop |
| 23:28 | pocestny · first_building Castle |
| 23:47 | BulldokCZE · first_building Castle |
| 24:49 | yellowmonday · first_building Stable |
| 24:50 | Flatterschiss7 · first_building Castle |
| 25:01 | yellowmonday · first_building Siege Workshop |
| 25:12 | Flatterschiss7 · first_building Stable |
| 26:11 | BulldokCZE · first_building Siege Workshop |
| 26:59 | Boyka · age_up imperial |
| 27:14 | Gral. A. Pinochet /:v/ · first_building Siege Workshop |
| 28:18 | yellowmonday · age_up imperial |
| 33:03 | Boyka · first_market_buy 100 stone |
| 33:35 | pocestny · age_up imperial |
| 33:48 | BulldokCZE · tribute_sent a jugador 1 |
| 33:48 | BulldokCZE · tribute_sent a jugador 2 |
| 33:48 | BulldokCZE · tribute_sent a jugador 3 |
| 33:48 | BulldokCZE · tribute_sent a jugador 4 |
| 33:48 | BulldokCZE · tribute_sent a jugador 6 |
| 33:48 | BulldokCZE · tribute_sent a jugador 7 |
| 33:48 | BulldokCZE · tribute_sent a jugador 8 |
| 33:58 | Gral. A. Pinochet /:v/ · age_up imperial |
| 34:11 | yellowmonday · wall_segment Stone Wall x1 |
| 34:31 | boatman · first_building Barracks |
| 35:49 | boatman · age_up imperial |
| 35:52 | boatman · first_building Stable |
| 39:21 | BulldokCZE · age_up imperial |
| 39:55 | Flatterschiss7 · wall_segment Stone Wall x14 |
| 41:00 | BulldokCZE · first_building Stable |
| 43:38 | BulldokCZE · first_market_sell 500 wood |
| 43:43 | Flatterschiss7 · wall_segment Stone Wall x15 |
| 46:07 | Boyka · first_market_sell 100 food |
| 46:44 | yellowmonday · resign |
| 48:13 | Gral. A. Pinochet /:v/ · first_building Archery Range |
| 48:57 | BulldokCZE · first_building Archery Range |
| 49:19 | BulldokCZE · tribute_sent a jugador 1 |
| 49:19 | BulldokCZE · tribute_sent a jugador 2 |
| 49:19 | BulldokCZE · tribute_sent a jugador 3 |
| 49:19 | BulldokCZE · tribute_sent a jugador 4 |
| 49:19 | BulldokCZE · tribute_sent a jugador 6 |
| 49:19 | BulldokCZE · tribute_sent a jugador 7 |
| 49:19 | BulldokCZE · tribute_sent a jugador 8 |
| 51:15 | Flatterschiss7 · wall_segment Stone Wall x14 |
| 54:50 | Boyka · first_building Barracks |
| 56:08 | pocestny · wall_segment Stone Wall x4 |
| 56:15 | pocestny · wall_segment Stone Wall x1 |
| 58:07 | pocestny · first_market_sell 100 food |
| 58:13 | Flatterschiss7 · first_market_sell 100 stone |
| 58:39 | Boyka · tribute_sent a jugador 1 |
| 58:39 | Boyka · tribute_sent a jugador 2 |
| 58:39 | Boyka · tribute_sent a jugador 3 |
| 58:39 | Boyka · tribute_sent a jugador 4 |
| 58:39 | Boyka · tribute_sent a jugador 5 |
| 58:39 | Boyka · tribute_sent a jugador 6 |
| 58:39 | Boyka · tribute_sent a jugador 7 |
| 58:40 | Hamza Khan · first_building Stable |
| 59:19 | Hamza Khan · tribute_sent a jugador 1 |
| 59:19 | Hamza Khan · tribute_sent a jugador 3 |
| 59:19 | Hamza Khan · tribute_sent a jugador 4 |
| 59:19 | Hamza Khan · tribute_sent a jugador 5 |
| 59:19 | Hamza Khan · tribute_sent a jugador 6 |
| 59:19 | Hamza Khan · tribute_sent a jugador 7 |
| 59:19 | Hamza Khan · tribute_sent a jugador 8 |
| 59:52 | BulldokCZE · tribute_sent a jugador 1 |
| 59:52 | BulldokCZE · tribute_sent a jugador 2 |
| 59:52 | BulldokCZE · tribute_sent a jugador 3 |
| 59:52 | BulldokCZE · tribute_sent a jugador 4 |
| 59:52 | BulldokCZE · tribute_sent a jugador 6 |
| 59:52 | BulldokCZE · tribute_sent a jugador 7 |
| 59:52 | BulldokCZE · tribute_sent a jugador 8 |
| 59:53 | Flatterschiss7 · first_building Monastery |
| 61:08 | BulldokCZE · tribute_sent a jugador 1 |
| 61:08 | BulldokCZE · tribute_sent a jugador 2 |
| 61:08 | BulldokCZE · tribute_sent a jugador 3 |
| 61:08 | BulldokCZE · tribute_sent a jugador 4 |
| 61:08 | BulldokCZE · tribute_sent a jugador 6 |
| 61:08 | BulldokCZE · tribute_sent a jugador 7 |
| 61:08 | BulldokCZE · tribute_sent a jugador 8 |
| 62:06 | Hamza Khan · first_building Castle |
| 67:21 | pocestny · first_market_buy 500 stone |
| 69:52 | Hamza Khan · tribute_sent a jugador 1 |
| 69:52 | Hamza Khan · tribute_sent a jugador 3 |
| 69:52 | Hamza Khan · tribute_sent a jugador 4 |
| 69:52 | Hamza Khan · tribute_sent a jugador 5 |
| 69:52 | Hamza Khan · tribute_sent a jugador 6 |
| 69:52 | Hamza Khan · tribute_sent a jugador 7 |
| 69:52 | Hamza Khan · tribute_sent a jugador 8 |
| 70:14 | Hamza Khan · tribute_sent a jugador 1 |
| 70:14 | Hamza Khan · tribute_sent a jugador 3 |
| 70:14 | Hamza Khan · tribute_sent a jugador 4 |
| 70:14 | Hamza Khan · tribute_sent a jugador 5 |
| 70:14 | Hamza Khan · tribute_sent a jugador 6 |
| 70:14 | Hamza Khan · tribute_sent a jugador 7 |
| 70:14 | Hamza Khan · tribute_sent a jugador 8 |
| 72:19 | Hamza Khan · age_up imperial |
[ AI ANALYSIS · 1 CREDIT ]
What really happened in this match?
Wolo.gg analyzes every decision: build order, eco, micro, common mistakes by bracket. Personalized analysis on WhatsApp or Discord in 30 seconds.
Civ guide
Burgundians
Perfil
Jugador #4875358